General information
- name: BNet
- type: Ladder team game (AT/RT)
- host: Battle.net
- saver: eurofour
map: Highperch
- players: 6
- length: 28:05
- speed: Fast
- version: 1.27 W3XP
- replay type:

» download(211 KB)
Players
team 1 (loser)
cGz.G (
orange | 52 APM | 1447 actions | 28:03)
3 Mountain King
2 Storm Bolt
1 Bash
» actions
| Assign group hotkey | 5 | |
| Basic commands | 3 | |
| Build / train | 92 | |
| Enter build submenu | 26 | |
| Enter hero's abilities submenu | 3 | |
| Remove unit from queue | 2 | |
| Right click | 708 | |
| Select / deselect | 499 | |
| Select group hotkey | 15 | |
| Use ability | 94 | |
1447 total
» units
| Peasant | 19 | |
| Footman | 5 | |
| Rifleman | 19 | |
| Mortar Team | 11 | |
| Knight | 1 | |
| Siege Engine | 13 | |
68 total
» upgrades
| Gunpowder | 1 | |
| Long Rifles | 1 | |
| Lumber Harvesting | 2 | |
| Plating | 3 | |
| Barrage | 1 | |
| Swords | 3 | |
| Fragmentation Shards | 1 | |
12 total
» buildings
| Altar of Kings | 1 | |
| Farm | 10 | |
| Barracks | 1 | |
| Lumber Mill | 1 | |
| Blacksmith | 1 | |
| Scout Tower | 4 | |
| Arcane Tower | 4 | |
| Keep | 1 | |
| Workshop | 2 | |
| Town Hall | 1 | |
| Castle | 1 | |
27 total
» build order
00:09 Altar of Kings
00:14 Farm
00:22 Barracks
00:56 Farm
01:30 Lumber Mill
02:01 Blacksmith
02:51 Scout Tower
03:28 Arcane Tower
03:36 Farm
04:06 Farm
04:59 Scout Tower
05:11 Keep
05:27 Arcane Tower
06:21 Farm
06:22 Farm
07:40 Farm
07:47 Workshop
08:20 Farm
09:05 Farm
09:48 Farm
10:20 Town Hall
12:26 Castle
14:41 Scout Tower
14:41 Scout Tower
14:49 Workshop
15:10 Arcane Tower
15:46 Arcane Tower
cGz.nSs (
pink | 58 APM | 1639 actions | 28:04)
1 Blademaster
1 Wind Walk
1 Pit Lord
1 Rain of Fire
» actions
| Assign group hotkey | 7 | |
| Basic commands | 14 | |
| Build / train | 50 | |
| Enter build submenu | 16 | |
| Enter hero's abilities submenu | 2 | |
| Right click | 1209 | |
| Select / deselect | 287 | |
| Select group hotkey | 13 | |
| Use ability | 41 | |
1639 total
» units
| Peon | 8 | |
| Grunt | 4 | |
| Demolisher | 8 | |
| Tauren | 7 | |
| Troll Witch Doctor | 3 | |
30 total
» upgrades
| Pulverize | 1 | |
| Witch Doctor Training | 2 | |
| Melee Weapons | 3 | |
| Armor | 1 | |
| Burning Oil | 1 | |
8 total
» buildings
| Orc Burrow | 9 | |
| Altar of Storms | 1 | |
| Voodoo Lounge | 1 | |
| Barracks | 1 | |
| War Mill | 1 | |
| Stronghold | 1 | |
| Fortress | 1 | |
| Tauren Totem | 1 | |
| Spirit Lodge | 1 | |
17 total
» build order
00:21 Orc Burrow
00:26 Altar of Storms
00:58 Voodoo Lounge
01:29 Barracks
01:50 Orc Burrow
02:19 War Mill
03:31 Stronghold
05:33 Orc Burrow
06:18 Fortress
07:21 Orc Burrow
09:21 Tauren Totem
10:27 Orc Burrow
10:48 Orc Burrow
14:38 Orc Burrow
15:01 Spirit Lodge
15:48 Orc Burrow
16:59 Orc Burrow
» items
| Healing Salve | 1 | |
| Lesser Clarity Potion | 2 | |
| Scroll of Speed | 2 | |
| Potion of Healing | 1 | |
6 total
Gers (
teal | 64 APM | 1786 actions | 28:01)
2 Keeper of the Grove
1 Entangling Roots
1 Thorns Aura
2 Priestess of the Moon
1 Trueshot Aura
1 Searing Arrows
» actions
| Assign group hotkey | 22 | |
| Basic commands | 14 | |
| Build / train | 94 | |
| ESC pressed | 2 | |
| Enter build submenu | 16 | |
| Enter hero's abilities submenu | 4 | |
| Remove unit from queue | 4 | |
| Right click | 1148 | |
| Select / deselect | 306 | |
| Select group hotkey | 127 | |
| Use ability | 49 | |
1786 total
» units
| Wisp | 33 | |
| Archer | 4 | |
| Huntress | 13 | |
| Glaive Thrower | 1 | |
| Chimaera | 3 | |
| Hippogryph | 6 | |
60 total
» upgrades
| Strength of the Moon | 3 | |
| Moon Armor | 3 | |
| Ultravision | 1 | |
| Improved Bows | 1 | |
| Strength of the Wild | 3 | |
| Marksmanship | 1 | |
| Upgrade Moon Glaive | 1 | |
| Well Spring | 1 | |
| Reinforced Hides | 2 | |
| Corrosive Breath | 1 | |
| Vorpal Blades | 1 | |
| Nature's Blessing | 1 | |
19 total
» buildings
| Altar of Elders | 1 | |
| Moon Well | 6 | |
| Ancient of War | 1 | |
| Hunter's Hall | 1 | |
| Tree of Ages | 1 | |
| Ancient Protector | 1 | |
| Tree of Life | 2 | |
| Ancient of Wonders | 1 | |
| Tree of Eternity | 2 | |
| Ancient of Wind | 1 | |
| Chimaera Roost | 1 | |
18 total
» build order
00:04 Altar of Elders
00:06 Moon Well
00:36 Ancient of War
01:34 Moon Well
02:31 Hunter's Hall
03:17 Tree of Ages
06:20 Moon Well
06:51 Moon Well
07:19 Ancient Protector
10:23 Moon Well
11:25 Tree of Life
11:34 Ancient of Wonders
11:37 Tree of Eternity
11:37 Tree of Eternity
14:55 Ancient of Wind
16:12 Chimaera Roost
19:12 Tree of Life
20:50 Moon Well
» items
| Boots of Speed | 1 | |
| Circlet of Nobility | 1 | |
2 total
team 2 (winner)
destromath (
yellow | 103 APM | 2880 actions | 28:04)
5 Warden
2 Shadow Strike
3 Blink
» actions
| Assign group hotkey | 54 | |
| Basic commands | 34 | |
| Build / train | 75 | |
| Enter build submenu | 15 | |
| Enter hero's abilities submenu | 5 | |
| Give item / drop item | 1 | |
| Remove unit from queue | 1 | |
| Right click | 1750 | |
| Select / deselect | 281 | |
| Select group hotkey | 517 | |
| Use ability | 144 | |
2880 total
» units
| Wisp | 23 | |
| Druid of the Talon | 9 | |
32 total
» upgrades
| Ultravision | 1 | |
| Well Spring | 1 | |
| Strength of the Wild | 3 | |
| Reinforced Hides | 2 | |
| Druid of the Talon Training | 2 | |
| Mark of the Talon | 1 | |
10 total
» buildings
| Altar of Elders | 1 | |
| Moon Well | 9 | |
| Tree of Ages | 3 | |
| Tree of Life | 1 | |
| Hunter's Hall | 1 | |
| Tree of Eternity | 3 | |
| Ancient of Wonders | 1 | |
| Ancient of Wind | 2 | |
21 total
» build order
00:05 Altar of Elders
00:10 Moon Well
02:13 Moon Well
03:26 Moon Well
05:40 Tree of Ages
05:40 Tree of Ages
05:41 Tree of Ages
06:25 Tree of Life
06:57 Hunter's Hall
07:43 Moon Well
07:45 Moon Well
10:52 Tree of Eternity
10:52 Tree of Eternity
11:41 Ancient of Wonders
11:48 Moon Well
11:50 Moon Well
11:51 Moon Well
11:58 Moon Well
17:01 Ancient of Wind
17:02 Ancient of Wind
» items
| Healing Salve | 3 | |
| Lesser Clarity Potion | 5 | |
| Boots of Speed | 1 | |
| Staff of Teleportation | 1 | |
| Potion of Lesser Invulnerability | 1 | |
| Orb of Venom | 1 | |
| Anti-magic Potion | 2 | |
14 total
eurofour (
red | 122 APM | 3440 actions | 28:05)
6 Blademaster
3 Wind Walk
2 Critical Strike
1 Bladestorm
» actions
| Assign group hotkey | 11 | |
| Basic commands | 7 | |
| Build / train | 45 | |
| ESC pressed | 1 | |
| Enter build submenu | 39 | |
| Enter hero's abilities submenu | 9 | |
| Give item / drop item | 1 | |
| Right click | 2469 | |
| Select / deselect | 183 | |
| Select group hotkey | 462 | |
| Use ability | 211 | |
3440 total
» units
» upgrades
| Liquid Fire | 1 | |
| Ranged Weapons | 3 | |
| Armor | 1 | |
5 total
» buildings
| Altar of Storms | 1 | |
| Orc Burrow | 4 | |
| War Mill | 1 | |
| Watch Tower | 24 | |
| Voodoo Lounge | 2 | |
| Stronghold | 1 | |
| Fortress | 2 | |
| Beastiary | 2 | |
37 total
» build order
00:07 Altar of Storms
00:18 Orc Burrow
00:34 War Mill
01:52 Watch Tower
02:07 Watch Tower
02:22 Voodoo Lounge
02:26 Voodoo Lounge
02:46 Watch Tower
03:09 Watch Tower
03:43 Stronghold
04:21 Watch Tower
04:30 Watch Tower
04:31 Watch Tower
04:46 Watch Tower
04:47 Watch Tower
04:57 Watch Tower
04:59 Watch Tower
05:10 Orc Burrow
05:38 Watch Tower
06:56 Watch Tower
06:57 Watch Tower
07:03 Watch Tower
07:04 Watch Tower
08:00 Fortress
08:02 Beastiary
09:08 Beastiary
09:19 Watch Tower
09:19 Watch Tower
09:22 Watch Tower
11:36 Watch Tower
11:40 Watch Tower
11:41 Watch Tower
11:47 Orc Burrow
11:50 Orc Burrow
14:06 Watch Tower
14:06 Watch Tower
» items
| Healing Salve | 2 | |
| Lesser Clarity Potion | 4 | |
| Boots of Speed | 1 | |
| Staff of Teleportation | 1 | |
| Orb of Lightning | 1 | |
9 total
iggy_the_fisk (
green | 117 APM | 3291 actions | 28:04)
4 Archmage
2 Blizzard
2 Brilliance Aura
3 Mountain King
2 Storm Bolt
1 Bash
» actions
| Assign group hotkey | 471 | |
| Basic commands | 25 | |
| Build / train | 102 | |
| Enter build submenu | 79 | |
| Enter hero's abilities submenu | 8 | |
| Give item / drop item | 3 | |
| Right click | 1369 | |
| Select / deselect | 331 | |
| Select group hotkey | 724 | |
| Use ability | 179 | |
3291 total
» units
| Peasant | 16 | |
| Sorceress | 1 | |
| Priest | 1 | |
18 total
» upgrades
| Masonry | 3 | |
| Lumber Harvesting | 2 | |
| Magic Sentry | 1 | |
| Sorceress Training | 2 | |
| Priest Training | 2 | |
| Cloud | 1 | |
| Swords | 2 | |
| Armor | 2 | |
| Animal War Training | 1 | |
16 total
» buildings
| Altar of Kings | 1 | |
| Farm | 5 | |
| Scout Tower | 71 | |
| Lumber Mill | 1 | |
| Arcane Tower | 9 | |
| Guard Tower | 37 | |
| Keep | 1 | |
| Arcane Vault | 2 | |
| Castle | 1 | |
| Arcane Sanctum | 1 | |
| Town Hall | 1 | |
| Gryphon Aviary | 1 | |
| Blacksmith | 1 | |
| Barracks | 1 | |
133 total
» build order
00:05 Altar of Kings
00:18 Farm
00:38 Scout Tower
00:40 Scout Tower
00:46 Scout Tower
00:47 Scout Tower
01:09 Farm
01:11 Lumber Mill
01:15 Arcane Tower
01:41 Arcane Tower
01:57 Scout Tower
02:06 Scout Tower
02:15 Guard Tower
02:16 Guard Tower
02:19 Farm
02:30 Scout Tower
02:34 Guard Tower
02:42 Scout Tower
03:00 Guard Tower
03:01 Scout Tower
03:21 Guard Tower
03:24 Scout Tower
03:28 Scout Tower
03:44 Keep
03:46 Scout Tower
03:52 Arcane Vault
03:55 Arcane Vault
04:34 Scout Tower
04:38 Guard Tower
04:40 Scout Tower
04:41 Scout Tower
04:43 Guard Tower
04:45 Scout Tower
04:45 Scout Tower
05:01 Arcane Tower
05:04 Scout Tower
05:27 Guard Tower
06:15 Guard Tower
06:18 Scout Tower
06:43 Guard Tower
06:45 Scout Tower
06:47 Castle
06:51 Guard Tower
06:55 Scout Tower
07:32 Guard Tower
08:10 Arcane Sanctum
09:05 Scout Tower
09:06 Scout Tower
09:21 Town Hall
09:35 Scout Tower
09:36 Scout Tower
09:37 Guard Tower
09:39 Scout Tower
10:18 Guard Tower
10:22 Scout Tower
10:47 Arcane Tower
10:51 Scout Tower
10:53 Scout Tower
10:53 Scout Tower
10:59 Farm
11:09 Scout Tower
11:10 Scout Tower
11:14 Guard Tower
11:15 Scout Tower
11:17 Scout Tower
11:19 Scout Tower
11:20 Scout Tower
11:30 Guard Tower
11:36 Scout Tower
11:49 Guard Tower
11:51 Scout Tower
11:52 Scout Tower
11:53 Scout Tower
11:54 Scout Tower
12:02 Arcane Tower
12:05 Arcane Tower
12:07 Scout Tower
12:29 Guard Tower
12:51 Guard Tower
13:10 Scout Tower
13:11 Scout Tower
13:48 Guard Tower
14:03 Guard Tower
14:05 Scout Tower
14:06 Scout Tower
14:15 Scout Tower
14:17 Scout Tower
14:18 Scout Tower
14:30 Scout Tower
14:31 Scout Tower
14:32 Scout Tower
14:35 Guard Tower
14:37 Scout Tower
14:39 Scout Tower
15:05 Guard Tower
15:08 Guard Tower
15:18 Guard Tower
15:19 Scout Tower
15:41 Guard Tower
15:43 Scout Tower
15:44 Scout Tower
16:11 Guard Tower
16:15 Scout Tower
16:16 Scout Tower
16:20 Guard Tower
16:44 Guard Tower
16:46 Scout Tower
16:47 Scout Tower
16:48 Scout Tower
16:49 Scout Tower
16:50 Scout Tower
16:50 Scout Tower
16:57 Scout Tower
16:58 Scout Tower
17:03 Arcane Tower
17:18 Guard Tower
17:26 Guard Tower
17:28 Guard Tower
17:32 Gryphon Aviary
17:33 Blacksmith
17:35 Barracks
18:57 Arcane Tower
18:58 Guard Tower
19:02 Arcane Tower
19:28 Guard Tower
19:31 Scout Tower
19:32 Scout Tower
19:33 Scout Tower
19:33 Scout Tower
20:11 Guard Tower
21:27 Farm
21:43 Guard Tower
21:52 Guard Tower
» items
| Healing Salve | 2 | |
| Orb of Lightning | 2 | |
| Boots of Speed | 2 | |
| Staff of Teleportation | 2 | |
| Periapt of Vitality | 1 | |
| Staff of Sanctuary | 2 | |
11 total
Chat log
(01:10 / All) cGz.nSs: no leave?
(01:14 / All) eurofour: sorry pizza guy came
(01:17 / All) cGz.nSs: good
(01:31 / All) eurofour: u guys like pizz?
(02:00 / All) cGz.nSs: hf
(09:31 / Allies) destromath: HE DNIEd
(09:33 / Allies) destromath: HE DOTA DENIEd
(09:34 / Allies) destromath: HOLY SHIT
(09:38 / Allies) destromath: i think so
(09:40 / Allies) destromath: shot with rifle
(09:46 / All) eurofour: !
(09:47 / Allies) destromath: lol bash i think
(10:32 / Allies) destromath: oh
(10:34 / Allies) destromath: i built a tree over here
(10:45 / Allies) destromath: omw
(12:33 / Allies) destromath: beware of bandy
(15:01 / All) iggy_the_fisk: noobs?
(15:19 / Allies) destromath: gimme dat l3
(15:58 / Allies) destromath: claws 9
(16:26 / Allies) destromath: im trying to apply poison to all
(16:29 / Allies) destromath: or was that not sarcastic
(16:58 / Allies) destromath: hippos and shit
(17:19 / Allies) destromath: gonna make dotts
(17:31 / Allies) destromath: shall i go plant tree up there?
(17:36 / Allies) destromath: err gotta kill harpies first
(17:38 / Allies) destromath: ok
(18:51 / Allies) destromath: the boy who lived
(19:41 / All) eurofour: give me gold im out
(19:43 / Allies) destromath: if i get tangled and i use anti magic shell does it dispell
(19:51 / Allies) destromath: or do i have to do it before
(20:16 / Allies) destromath: its like 50 gold in my shop
(20:46 / Allies) destromath: HE DNIED AGIAN
(20:51 / Allies) destromath: his rifle
(21:31 / Allies) destromath: the classic
(21:52 / All) eurofour: [radiohead voice] mains.....out....
(21:54 / Allies) destromath: LOL
(21:56 / All) eurofour: Pink!
(21:57 / All) eurofour: Noob!
(22:06 / All) eurofour: Pink!
(22:11 / All) eurofour: Big noob!
(22:15 / All) iggy_the_fisk: why you lose
(22:21 / All) cGz.nSs: why you win?
(22:23 / All) eurofour: click different
(22:33 / All) iggy_the_fisk: choose different mouse clicks and you can win like we
(22:35 / All) destromath: those things u r clicking on? yeah try clicking on other things
(22:43 / Allies) destromath: yep haha
(22:43 / All) cGz.G: maybe leave
(22:53 / All) eurofour: }i'll leave when im dead...
(22:54 / All) iggy_the_fisk: why when we win without worry
(23:00 / All) destromath: ill leave when im good & deady
(23:04 / All) cGz.G: last time you leave
(23:09 / All) eurofour: practice
(23:12 / All) iggy_the_fisk: you were lvl 5
(23:13 / All) iggy_the_fisk: too noob
(23:15 / All) iggy_the_fisk: for us
(23:18 / All) cGz.G: its ok
(23:18 / All) destromath: yeah we had a LARGE Peppearoni pizza w/ extra chease to eat.
(23:22 / All) cGz.G: next time bad map
(23:22 / All) iggy_the_fisk: Now lvl 8, though maybe worthy practice
(23:23 / All) cGz.G: we win
(23:45 / Allies) destromath: are we gonna elicit a quit
(24:12 / All) destromath: see thou later
(24:15 / Allies) destromath: haha there was an invis blade
(24:16 / Allies) destromath: coming at me
(24:53 / All) destromath: classic
(26:54 / Allies) destromath: shit
(26:59 / Allies) destromath: i was peeing
(27:00 / Allies) destromath: during all that
(27:16 / All) iggy_the_fisk: gg noobs
(27:30 / Allies) destromath: yes
(27:31 / Allies) destromath: i did
(27:40 / All) iggy_the_fisk: can't even beat immobile towers
(27:43 / Allies) destromath: actually faerie fire
(27:44 / All) iggy_the_fisk: they don't move BRAIN SURGEONS
(27:45 / Allies) destromath: is pretty good aginst tanks
(28:03 / Allies) destromath: damn